 Dungeon Sprint DCSS version 0.20.1-1-g8b1a95d (console) character file.

64473 hilaritas the Conqueror (level 15, 0/127 HPs)
             Began as a Gargoyle Fighter on Mar 8, 2018.
             Was the Champion of Qazlal.
             Killed from afar by a quicksilver dragon (glowing shapeshifter) (10 damage)
             ... with a bolt of dispelling energy
             ... in the Dungeon (Sprint V: "Ziggurat Sprint").
             The game lasted 00:31:05 (3005 turns).

hilaritas the Conqueror (Gargoyle Fighter)          Turns: 3005, Time: 00:31:06

Health: 0/127      AC: 50    Str: 40    XL:     15   Next: 13%
Magic:  8/25       EV:  7    Int: 13    God:    Qazlal [******]
Gold:   0          SH: 41    Dex:  9    Spells: 2/14 levels left

rFire    + . .     SeeInvis .   O - +9 demon whip (freeze)
rCold    + . .     Gourm    .   b - +18 shield of the Gong {rElec rN+ MR+ EV-5}
rNeg     + + +     Faith    .   L - +5 gold dragon scales
rPois    ∞         Spirit   .   X - +2 helmet {Int+3}
rElec    +         Reflect  .   (no cloak)
rCorr    +         Harm     .   E - +2 pair of gloves {Str+3}
MR       +++++     Clarity  +   (no boots) Stlth ..........NoTele +
                                a - amulet of the Four Winds {rN+ MR+++ Clar}
Regen    0.4/turn               T - ring of Liberalism {Wiz Str+7}
MPRegen  0.2/turn               V - ring of the Queen {rCorr Str+5}

@: protected from physical damage, flying, repel missiles
A: big wings, negative energy resistance 1, electricity resistance, unbreathing,
petrification resistance, rot immunity, AC +11
a: Stop Flying, Upheaval, Elemental Force, Disaster Area, Renounce Religion


You were in the Dungeon.
You worshipped Qazlal.
Qazlal was exalted by your worship.
You were not hungry.

You visited 1 branch

Inventory:

Hand Weapons
 O - a +9 demon whip of freezing (weapon)
 U - the +10 morningstar "Eos" {elec, Halo rElec}
   (You found it in the Dungeon)

   Occasionally, upon striking a foe, it will discharge some electrical energy
   and cause terrible harm.
   It insulates you from electricity.
Missiles
 M - 16 steel javelins (quivered)
 N - a bolt
Armour
 b - the +18 shield of the Gong (worn) {rElec rN+ MR+ EV-5}
   (You found it in the Dungeon)

   It affects your evasion (-5).
   It insulates you from electricity.
   It protects you from negative energy.
   It affects your resistance to hostile enchantments.
 E - a +2 pair of gloves of strength (worn)
 L - +5 gold dragon scales (worn)
 X - a +2 helmet of intelligence (worn)
Jewellery
 a - the amulet of the Four Winds (around neck) {rN+ MR+++ Clar}
   (You found it in the Dungeon)

   [amulet of nothing]

   It protects you from negative energy.
   It affects your resistance to hostile enchantments.
   It protects you against confusion.
 c - the amulet "Topt" {Spirit rN+ Str+2 Slay+3 SInv}
   (You found it in the Dungeon)

   [amulet of guardian spirit]

   It causes incoming damage to be split between your health and magic.
   It affects your strength (+2).
   It affects your accuracy and damage with ranged weapons and melee attacks
   (+3).
   It protects you from negative energy.
   It lets you see invisible.
 D - a +6 ring of dexterity
 F - a +6 ring of intelligence
 H - a +6 ring of strength
 J - the ring of Akhletidalu {+Fly rC+}
   (You found it in the Dungeon)

   [ring of protection from cold]

   It protects you from cold.
   It lets you fly.
 Q - the ring of the Evening {rC+ Str+6 Dex-2}
   (You found it in the Dungeon)

   [ring of protection from cold]

   It affects your strength (+6).
   It affects your dexterity (-2).
   It protects you from cold.
 T - the ring of Liberalism (left hand) {Wiz Str+7}
   (You found it in the Dungeon)

   [ring of wizardry]

   It improves your spell success rate.
   It affects your strength (+7).
 V - the ring of the Queen (right hand) {rCorr Str+5}
   (You took it off a crimson imp in the Dungeon)

   [ring of resist corrosion]

   It affects your strength (+5).
 W - the ring of the Last Demons {+Blink +Inv Str+3 Int+2 Dex+4}
   (You found it in the Dungeon)

   [ring of dexterity]

   It affects your strength (+3).
   It affects your intelligence (+2).
   It affects your dexterity (+4).
   It lets you turn invisible.
   It lets you blink.
 Z - the amulet of the Air {Inacc +Fly rElec EV+5 RMsl}
   (You found it in the Dungeon)

   [amulet of inaccuracy]

   It reduces the accuracy of all your attacks.
   It affects your evasion (+5).
   It insulates you from electricity.
   It lets you fly.
   It protects you from missiles.
Wands
 y - a wand of disintegration (7/24)
 A - a wand of iceblast (5/15)
 B - a wand of lightning (5/15)
 C - a wand of acid (5/15)
Scrolls
 k - 4 scrolls of blinking
 q - 4 scrolls of amnesia
 r - 3 scrolls of recharging
 s - 7 scrolls of fog
 t - a scroll of holy word
 u - 5 scrolls of identify
 v - 5 scrolls of remove curse
 w - 2 scrolls of fear
 I - 3 scrolls of brand weapon
Potions
 d - 6 potions of might
 e - 10 potions of curing
 g - 5 potions of heal wounds
 h - 6 potions of haste
 i - 7 potions of magic
 j - 3 potions of berserk rage
 l - 2 potions of brilliance
 m - 2 potions of invisibility
 n - 4 potions of resistance
 p - 6 potions of agility
Books
 S - a book of Spatial Translocations

   Spells                             Type                      Level
   a - Blink                          Translocation                2
   b - Shroud of Golubria             Charms/Translocation         2
   c - Lesser Beckoning               Translocation                3
   d - Gell's Gravitas                Translocation                3
   e - Teleport Other                 Translocation                3
   f - Passage of Golubria            Translocation                4
Miscellaneous
 o - a sack of spiders
 K - a lightning rod (4/4)
 P - 6 boxes of beasts
 R - a fan of gales
 Y - a phial of floods
Comestibles
 f - 5 bread rations
 x - 38 fruits
 z - 4 meat rations


   Skills:
 O Level 27 Fighting
 - Level 14.0 Maces & Flails
 * Level 4.7 Throwing
 + Level 21.7 Armour
 * Level 8.9 Dodging
 - Level 15.1 Shields
 + Level 14.2 Invocations


You had 2 spell levels left.
You knew the following spells:

 Your Spells              Type           Power        Failure   Level  Hunger
a - Summon Ice Beast      Ice/Summ       #.......     99%         4    #####..
b - Summon Small Mammal   Summ           #...         52%         1    ##.....
c - Summon Guardian Gole  Hex/Summ       #.......     86%         3    ####...
d - Swiftness             Chrm/Air       #.......     65%         2    ###....
e - Blink                 Tloc           N/A          65%         2    ###....


Dungeon Overview and Level Annotations

Branches:
Dungeon (1/1)

Altars:
Ashenzari
Cheibriados
Dithmenos
Elyvilon
Fedhas
Gozag
Hepliaklqana
Kikubaaqudgha
Makhleb
Nemelex Xobeh
Okawaru
Qazlal
Ru
Sif Muna
Trog
Uskayaw
Vehumet
Xom
Yredelemnul
Zin
The Shining One
Beogh
Jiyva
Lugonu


Innate Abilities, Weirdness & Mutations

You are resistant to torment.
Your stone body is resilient. (AC +11)
You are immune to poison.
Your large and strong wings let you fly indefinitely.
You resist negative energy. (rN+)
You are resistant to electric shocks. (rElec)
You can survive without breathing.
You are immune to petrification.
You are immune to rotting.


Message History

You block the emperor scorpion's attack.
PANG!
The emperor scorpion claws you but does no damage.
The quicksilver dragon is struck by lightning.
You block the quicksilver dragon's attack.
BOUMMMMG!
The quicksilver dragon claws you but does no damage.
The cyclops hits you!
* * * LOW HITPOINT WARNING * * *
The shadow dragon bites you.
* * * LOW HITPOINT WARNING * * *
You block the shadow dragon's attack.
GONNNNG!
The shadow dragon claws you but does no damage.
You whack the shadow dragon!
The shadow dragon is heavily wounded.
The quicksilver dragon breathes dispelling energy at you.
The bolt of dispelling energy hits you!
You feel more protected from physical attacks.
You die...

▓........ ▓........
..............▓..▓.....
......|....(..(▓.▓▓▓....
...............▓..▓...))
......††.......▓........
...........(...▓........
...▓..≈...(▓...▓▓▓▓▓▓▓▓▓
.....§GSs......▓.....8©8
.....DDDs§.....▓.}[).)):
......C@DF.....▓..:[=|}=
▓▓▓▓▓▓▓▓▓▓▓▓▓▓▓▓........
▓........ ▓........
▓........ ▓........
▓..▓..... ▓.▓.▓....
▓..▓..... ▓......†.
▓........


You could see 2 shadow dragon shaped shifters, an emperor scorpion shaped
shifter, a quicksilver dragon shaped shifter, a six-headed hydra shaped shifter,
a sea snake shaped shifter, an eye of devastation shaped shifter, a cyclops
shaped shifter, a spiny frog shaped shifter and a redback shaped shifter.

Vanquished Creatures
  A shard shrike (shapeshifter) (D)
  A caustic shrike (shapeshifter) (D)
  A titan (shapeshifter) (D)
  3 acid blobs (D)
  3 storm dragons (D)
  A shadow dragon (D)
  4 fire giants (D)
  2 ghouls (D)
  A vampire knight (D)
  An ettin (shapeshifter) (D)
  3 merfolk javelineers (D)
  3 death oozes (D)
  5 merfolk impalers (D)
  A fire dragon (D)
  4 merfolk aquamancers (D)
  A two-headed ogre (D)
  A hell hog (D)
  3 soul eaters (D)
  An iron golem (D)
  A wretched star (D)
  2 sea snakes (D)
  An unseen horror (shapeshifter) (D)
  A spriggan druid (D)
  A flayed ghost (D)
  A necromancer (D)
  A shining eye (D)
  A wolf spider (D)
  A manticore (D)
  A cyclops (D)
  An orange demon (D)
  A hellion (D)
  A tormentor (D)
  2 komodo dragons (shapeshifter) (D)
  A queen bee (shapeshifter) (D)
  An ice devil (D)
  A troll (D)
  An ancient zyme (D)
  3 merfolk (D)
  2 wind drakes (D)
  8 slime creatures (D)
  2 hornets (shapeshifter) (D)
  A jumping spider (D)
  A dream sheep (shapeshifter) (D)
  A snapping turtle (D)
  6 spriggans (D)
  3 air elementals (D)
  2 redbacks (D)
  2 water elementals (D)
  A tarantella (D)
  A shadow (D)
  A fire elemental (D)
  A fire bat (D)
  A neqoxec (D)
  A golden eye (D)
  A small abomination (D)
  A naga (shapeshifter) (D)
  3 insubstantial wisps (D)
  A large abomination (D)
  2 water moccasins (D)
  3 hell hounds (D)
  2 floating eyes (D)
  A black bear (D)
  2 necrophages (D)
  3 ogres (D)
  An eye of draining (D)
  An eye of draining (shapeshifter) (D)
  4 wolves (D)
  7 scorpions (D)
  3 wights (D)
  2 crimson imps (D)
  2 quasits (D)
  5 jellies (D)
  An orc wizard (D)
  2 orc priests (D)
  An iron imp (D)
  An adder (D)
  2 shadow imps (D)
  6 white imps (D)
  3 ufetubi (D)
  3 oozes (D)
  4 adder skeletons (D)
  An adder zombie (D)
  A spectral bat (D)
  3 ball pythons (D)
  3 bat skeletons (D)
  A bat zombie (D)
  A kobold (shapeshifter) (D)
  A ball python skeleton (D)
  A giant cockroach zombie (D)
  2 jackal skeletons (D)
  A quokka zombie (D)
  A spectral ball python (D)
  2 spectral jackals (D)
  A spectral leopard gecko (D)
  A spectral quokka (D)
  A fire vortex (D)
185 creatures vanquished.

Vanquished Creatures (collateral kills)
  A titan (D)
  A ghoul (D)
  A hell knight (D)
  2 soul eaters (D)
  A necromancer (D)
  A raiju (shapeshifter) (D)
  2 air elementals (D)
  An insubstantial wisp (D)
  An adder skeleton (D)
  A bat zombie (D)
  A giant cockroach zombie (D)
  A leopard gecko zombie (D)
14 creatures vanquished.

Vanquished Creatures (others)
  A quasit (D)
  A bat skeleton (D)
  A ball python skeleton (D)
3 creatures vanquished.

Grand Total: 202 creatures vanquished

Notes
Turn   | Place    | Note
-------+----------+-------------------------------------------
     0 | D        | hilaritas the Gargoyle Fighter began the quest for the Orb.
     0 | D        | Reached XP level 1. HP: 14/14 MP: 1/1
     0 | D        | Found a deep blue altar of Sif Muna.
     0 | D        | Found a sacrificial altar of Ru.
     0 | D        | Found a bloodstained altar of Trog.
     0 | D        | Found a stormy altar of Qazlal.
     0 | D        | Found an iron altar of Okawaru.
     0 | D        | Found a sparkling altar of Nemelex Xobeh.
     0 | D        | Found a blossoming altar of Fedhas.
     2 | D        | Found a transporter.
     2 | D        | Found an ancient bone altar of Kikubaaqudgha.
     2 | D        | Found a viscous altar of Jiyva.
     2 | D        | Found a corrupted altar of Lugonu.
     2 | D        | Found a hazy altar of Hepliaklqana.
     2 | D        | Found a burning altar of Makhleb.
     2 | D        | Found an opulent altar of Gozag.
    91 | D        | Became a worshipper of Qazlal Stormbringer
   106 | D        | Reached XP level 2. HP: 19/19 MP: 2/2
   120 | D        | Entered arena 2.
   120 | D        | Found a transporter.
   123 | D        | Reached skill level 4 in Fighting
   123 | D        | Reached skill level 1 in Invocations
   123 | D        | Reached XP level 3. HP: 19/24 MP: 2/4
   183 | D        | Entered arena 3.
   183 | D        | Found a transporter.
   187 | D        | Reached * piety under Qazlal
   187 | D        | Reached XP level 4. HP: 30/30 MP: 5/5
   188 | D        | Reached skill level 5 in Fighting
   195 | D        | Reached XP level 5. HP: 28/35 MP: 5/7
   254 | D        | Entered arena 4.
   254 | D        | Found a transporter.
   260 | D        | Reached ** piety under Qazlal
   260 | D        | Reached skill level 5 in Maces & Flails
   261 | D        | Reached skill level 6 in Fighting
   261 | D        | Reached XP level 6. HP: 41/41 MP: 7/9
   265 | D        | Reached skill level 5 in Invocations
   289 | D        | Entered arena 5.
   289 | D        | Noticed an ice devil
   289 | D        | Found a transporter.
   291 | D        | Reached *** piety under Qazlal
   304 | D        | Killed an ice devil
   304 | D        | Reached skill level 7 in Fighting
   304 | D        | Reached skill level 10 in Shields
   304 | D        | Reached XP level 7. HP: 48/48 MP: 11/11
   313 | D        | Entered arena 6.
   313 | D        | Noticed a spriggan
   313 | D        | Noticed a spriggan
   313 | D        | Noticed a spriggan
   313 | D        | Noticed a spriggan
   313 | D        | Found a transporter.
   320 | D        | Reached **** piety under Qazlal
   324 | D        | Killed a spriggan
   345 | D        | Killed a spriggan
   345 | D        | Reached skill level 10 in Maces & Flails
   345 | D        | Reached XP level 8. HP: 46/54 MP: 13/13
   350 | D        | Killed a spriggan
   350 | D        | Reached skill level 8 in Fighting
   353 | D        | Killed a spriggan
   366 | D        | Identified the Grimoire of the Shifting Mountains (You found it in the Dungeon)
   393 | D        | Entered arena 7.
   394 | D        | Found a transporter.
   399 | D        | Reached ***** piety under Qazlal
   432 | D        | Identified the Volume of Entrancing Earth (You found it in the Dungeon)
   434 | D        | Entered arena 8.
   434 | D        | Noticed a troll
   434 | D        | Noticed a two-headed ogre
   434 | D        | Noticed a cyclops
   436 | D        | Found a transporter.
   442 | D        | Reached skill level 9 in Fighting
   450 | D        | Killed a two-headed ogre
   450 | D        | Reached skill level 10 in Fighting
   450 | D        | Reached XP level 9. HP: 46/62 MP: 14/16
   456 | D        | Killed a cyclops
   456 | D        | Reached ****** piety under Qazlal
   456 | D        | Reached skill level 10 in Invocations
   462 | D        | Killed a troll
   533 | D        | Entered arena 9.
   533 | D        | Noticed a spriggan druid
   540 | D        | Reached skill level 11 in Fighting
   540 | D        | Reached skill level 15 in Shields
   541 | D        | Reached XP level 10. HP: 69/69 MP: 17/17
   544 | D        | Killed a spriggan druid
   567 | D        | Found a transporter.
   581 | D        | Learned a level 4 spell: Summon Ice Beast
   595 | D        | Entered arena 10.
   595 | D        | Noticed a wolf spider
   608 | D        | Killed a wolf spider
   622 | D        | Reached skill level 5 in Dodging
   623 | D        | Found a transporter.
   638 | D        | Learned a level 1 spell: Summon Small Mammal
   642 | D        | Learned a level 3 spell: Summon Guardian Golem
   645 | D        | Got the ring of the Evening {rC+ Str+6 Dex-2}
   660 | D        | Entered arena 11.
   661 | D        | Found a transporter.
   709 | D        | Entered arena 12.
   709 | D        | Noticed a fire giant
   709 | D        | Noticed a fire giant
   709 | D        | Noticed a hell hog
   709 | D        | Noticed a fire dragon
   709 | D        | Noticed a fire giant
   710 | D        | Noticed a fire giant
   717 | D        | Reached skill level 10 in Armour
   717 | D        | Killed a fire dragon
   717 | D        | Reached XP level 11. HP: 32/74 MP: 20/20
   723 | D        | Killed a hell hog
   731 | D        | HP: 2/74 [fire giant/great sword of flaming (18)]
   738 | D        | Killed a fire giant
   740 | D        | Killed a fire giant
   747 | D        | HP: 7/75 [fire giant/bolt of fire (2)]
   750 | D        | Killed a fire giant
   750 | D        | Reached skill level 12 in Fighting
   754 | D        | Killed a fire giant
   774 | D        | Found a transporter.
   787 | D        | Learned a level 2 spell: Swiftness
   789 | D        | Got the ring of the Last Demons {+Blink +Inv Str+3 Int+2 Dex+4}
  1018 | D        | Entered arena 13.
  1018 | D        | Noticed a ghoul
  1018 | D        | Noticed a vampire knight
  1019 | D        | Noticed a necromancer
  1019 | D        | Noticed a necromancer
  1043 | D        | Killed a necromancer
  1043 | D        | Reached skill level 13 in Fighting
  1049 | D        | Killed a necromancer
  1049 | D        | Reached XP level 12. HP: 34/84 MP: 15/22
  1051 | D        | Killed a ghoul
  1051 | D        | Reached skill level 14 in Fighting
  1065 | D        | Killed a vampire knight
  1065 | D        | Reached skill level 15 in Fighting
  1075 | D        | Found a transporter.
  1324 | D        | Entered arena 14.
  1325 | D        | Noticed a death ooze
  1326 | D        | Noticed an acid blob
  1326 | D        | Noticed an acid blob
  1327 | D        | Noticed a death ooze
  1332 | D        | Killed a death ooze
  1339 | D        | Killed an acid blob
  1339 | D        | Reached skill level 16 in Fighting
  1341 | D        | Killed a death ooze
  1341 | D        | Reached skill level 17 in Fighting
  1346 | D        | Killed an acid blob
  1346 | D        | Reached skill level 18 in Fighting
  1361 | D        | Found a transporter.
  1370 | D        | Got the amulet "Topt" {Spirit rN+ Str+2 Slay+3 SInv}
  1508 | D        | Entered arena 15.
  1512 | D        | Noticed a wretched star
  1523 | D        | Killed a wretched star
  1523 | D        | Reached skill level 19 in Fighting
  1532 | D        | Reached XP level 13. HP: 100/100 MP: 23/23
  1546 | D        | Found a transporter.
  1556 | D        | Got the ring of the Queen {rCorr Str+5}
  1576 | D        | Learned a level 2 spell: Blink
  1585 | D        | Entered arena 16.
  1586 | D        | Noticed a storm dragon
  1586 | D        | Noticed a titan
  1586 | D        | Noticed a storm dragon
  1586 | D        | Noticed a storm dragon
  1599 | D        | Killed a storm dragon
  1599 | D        | Reached skill level 20 in Fighting
  1602 | D        | Killed a titan
  1607 | D        | Reached skill level 21 in Fighting
  1613 | D        | Killed a storm dragon
  1617 | D        | HP: 3/104 [storm dragon/bolt of lightning (11)]
  1620 | D        | Killed a storm dragon
  1626 | D        | Found a transporter.
  1650 | D        | Identified the Compendium of the Creative Glacier (You found it in the Dungeon)
  1653 | D        | Identified the Grimoire of Snow and Moulding (You found it in the Dungeon)
  1659 | D        | Got the +6 flail "Kohus" {drain, rF+ rN+ Str+4}
  1904 | D        | Entered arena 17.
  1907 | D        | Noticed an acid blob
  1909 | D        | Noticed a death ooze
  1913 | D        | Paralysed by a floating eye for 4 turns
  1918 | D        | Reached skill level 22 in Fighting
  1918 | D        | Killed a death ooze
  1918 | D        | Killed an acid blob
  1930 | D        | Reached skill level 23 in Fighting
  1938 | D        | Found a transporter.
  2162 | D        | Entered arena 18.
  2181 | D        | Reached skill level 15 in Armour
  2231 | D        | Found a transporter.
  2260 | D        | Got the ring of Akhletidalu {+Fly rC+}
  2515 | D        | Entered arena 19.
  2523 | D        | Noticed a ghoul
  2523 | D        | Noticed a shadow dragon
  2525 | D        | Noticed a ghoul
  2538 | D        | Killed a ghoul
  2538 | D        | Reached skill level 24 in Fighting
  2538 | D        | Gained mutation: Your large and strong wings let you fly indefinitely. [Gargoyle growth]
  2538 | D        | Reached XP level 14. HP: 105/116 MP: 11/24
  2541 | D        | Killed a shadow dragon
  2542 | D        | Killed a ghoul
  2551 | D        | Found a transporter.
  2579 | D        | Identified the Incunabulum of Freezing Heat (You found it in the Dungeon)
  2583 | D        | Got the ring of Liberalism {Wiz Str+7}
  2625 | D        | Entered arena 20.
  2643 | D        | Reached skill level 25 in Fighting
  2655 | D        | Reached skill level 26 in Fighting
  2894 | D        | Got the cursed ring of the Messenger {MR+ AC-2 Dex+5}
  2912 | D        | Found a transporter.
  2940 | D        | Identified the Almanac of the Blaze and the Mountains (You found it in the Dungeon)
  2946 | D        | Entered arena 21.
  2951 | D        | Noticed a shard shrike
  2951 | D        | Noticed a titan
  2951 | D        | a shard shrike changed into a titan
  2952 | D        | Noticed a caustic shrike
  2952 | D        | a titan changed into a caustic shrike
  2952 | D        | Noticed a shard shrike
  2953 | D        | Noticed an entropy weaver
  2954 | D        | Noticed a shard shrike
  2955 | D        | a caustic shrike changed into an iron troll
  2955 | D        | an entropy weaver changed into an ice dragon
  2957 | D        | Noticed a shard shrike
  2958 | D        | Noticed a juggernaut
  2958 | D        | a shard shrike changed into a juggernaut
  2958 | D        | Noticed a sphinx
  2958 | D        | an iron troll changed into a sphinx
  2958 | D        | Noticed a titan
  2958 | D        | a shard shrike changed into a titan
  2960 | D        | Noticed a fire giant
  2960 | D        | a sphinx changed into a fire giant
  2960 | D        | Noticed a caustic shrike
  2960 | D        | a titan changed into a caustic shrike
  2962 | D        | Noticed a titan
  2962 | D        | a juggernaut changed into a titan
  2962 | D        | Noticed an entropy weaver
  2962 | D        | an alligator changed into an entropy weaver
  2964 | D        | Reached skill level 27 in Fighting
  2964 | D        | Killed a caustic shrike
  2964 | D        | Noticed a caustic shrike
  2964 | D        | a fire giant changed into a caustic shrike
  2964 | D        | an entropy weaver changed into an ice dragon
  2967 | D        | Noticed a sphinx
  2967 | D        | Killed a titan
  2969 | D        | Noticed a golden dragon
  2969 | D        | a caustic shrike changed into a golden dragon
  2970 | D        | Killed a shard shrike
  2970 | D        | Reached XP level 15. HP: 57/127 MP: 17/25
  2971 | D        | Noticed a shadow dragon
  2971 | D        | a golden dragon changed into a shadow dragon
  2972 | D        | Noticed an acid blob
  2973 | D        | a shadow dragon changed into a stone giant
  2975 | D        | Noticed a caustic shrike
  2975 | D        | Noticed a golden dragon
  2975 | D        | an acid blob changed into a golden dragon
  2977 | D        | Noticed an emperor scorpion
  2977 | D        | a dire elephant changed into an emperor scorpion
  2977 | D        | Noticed an azure jelly
  2977 | D        | an entropy weaver changed into an azure jelly
  2979 | D        | Noticed an emperor scorpion
  2979 | D        | an azure jelly changed into an emperor scorpion
  2979 | D        | Noticed a golden dragon
  2979 | D        | a caustic shrike changed into a golden dragon
  2980 | D        | Noticed an iron dragon
  2980 | D        | a golden dragon changed into an iron dragon
  2980 | D        | an emperor scorpion changed into a death yak
  2982 | D        | Noticed a quicksilver dragon
  2982 | D        | a sphinx changed into a quicksilver dragon
  2988 | D        | a quicksilver dragon changed into an alligator snapping turtle
  2988 | D        | an emperor scorpion changed into something unseen
  2990 | D        | Noticed an emperor scorpion
  2990 | D        | a death yak changed into an emperor scorpion
  2994 | D        | Noticed a sphinx
  2994 | D        | an alligator snapping turtle changed into a sphinx
  2994 | D        | Noticed an iron dragon
  2994 | D        | a golden dragon changed into an iron dragon
  2995 | D        | Noticed an iron giant
  2995 | D        | an iron dragon changed into an iron giant
  2997 | D        | Noticed a shadow dragon
  2997 | D        | an iron giant changed into a shadow dragon
  3001 | D        | Noticed a quicksilver dragon
  3001 | D        | a sphinx changed into a quicksilver dragon
  3003 | D        | Noticed a shadow dragon
  3003 | D        | an iron dragon changed into a shadow dragon
  3004 | D        | HP: 10/127 [shadow dragon (glowing shapeshifter) (3)]
  3005 | D        | Killed from afar by a quicksilver dragon (glowing shapeshifter)

Skill      XL: |  1  2  3  4  5  6  7  8  9 10 11 12 13 14 |
---------------+-------------------------------------------+-----
Armour         | 6 10 11 13 16 21 | 21.7
Shields        | 6 7 8 9 10 11 13 15 | 15.1
Fighting       | 4 5 6 7 10 11 13 19 24 27 | 27.0
Invocations    | 1 2 3 4 6 7 9 10 12 13 14 | 14.2
Maces & Flails | 3 4 5 8 10 14 | 14.0
Dodging        | 6 7 8 |  8.9
Throwing       | 4 |  4.7

Action                   |  1- 3 |  4- 6 |  7- 9 | 10-12 | 13-15 || total
-------------------------+-------+-------+-------+-------+-------++-------
Melee: Demon whip        |     7 |    35 |    91 |   202 |   185 ||   520
       Morningstar       |       |       |       |       |    17 ||    17
 Fire: Hand crossbow     |       |       |       |     2 |     9 ||    11
Throw: Javelin           |       |       |       |       |     4 ||     4
Invok: Disaster Area     |       |       |       |     2 |     6 ||     8
       Elemental Force   |       |       |       |     1 |     5 ||     6
       Upheaval          |       |       |       |       |     1 ||     1
 Abil: Fly               |       |       |       |       |     2 ||     2
       Stop Flying       |       |       |       |       |     1 ||     1
  Use: Potion            |     1 |       |       |     4 |     2 ||     7
       Scroll            |       |       |       |     1 |     4 ||     5
 Stab: Distracted        |       |       |       |       |     1 ||     1
  Eat: Chunk             |       |       |       |     1 |     3 ||     4
       Fruit             |       |       |       |     1 |     3 ||     4
Armor: Gold dragon scale |       |     3 |    13 |    36 |    85 ||   137
Dodge: Dodged            |       |       |     1 |     9 |    35 ||    45
       Deflected         |       |       |       |     2 |     1 ||     3
Block: Shield            |    10 |    31 |   134 |   260 |   358 ||   793
